 Dungeon Crawl Stone Soup version 0.28-a0-1374-ga75cb3825e (webtiles) character file.

Game seed: 11982776845659825747

68 frimble the Skirmisher (level 4, 0/34 HPs)
             Began as a Demonspawn Warper on Dec 31, 2021.
             Slain by a bullfrog skeleton (4 damage)
             ... on level 4 of the Dungeon.
             The game lasted 00:03:23 (3754 turns).

frimble the Skirmisher (Demonspawn Warper)          Turns: 3754, Time: 00:03:24

Health: 0/34       AC:  4    Str: 11    XL:     4   Next: 1%
Magic:  14/16      EV: 12    Int: 17    God:
Gold:   78         SH:  4    Dex: 12    Spells: 5/7 levels left

rFire   . . .      SeeInvis .   j - +0 long sword
rCold   . . .      Faith    .   (no shield)
rNeg    . . .      Spirit   .   i - +1 robe {Will+}
rPois   .          Reflect  .   (helmet restricted)
rElec   .          Harm     .   (no cloak)
rCorr   .          Rampage  .   e - +0 pair of gloves
Will    +....                   (no boots)
Stlth   +.........              (no amulet)
HPRegen 0.11/turn               h - ring of magical power
MPRegen 0.15/turn               (no ring)

@: on blink cooldown
A: antennae 1, condensation shield
a: no special abilities


You were on level 4 of the Dungeon.
You visited 1 branch of the dungeon, and saw 4 of its levels.

You collected 78 gold pieces.

Inventory:

Hand Weapons
 j - a +0 long sword (weapon)
Missiles
 d - 2 boomerangs of dispersal (quivered)
Armour
 e - a +0 pair of gloves (worn)
 i - a +1 robe of willpower (worn)
Jewellery
 h - a ring of magical power (left hand)
Wands
 k - a wand of flame (4)
Scrolls
 b - a scroll of enchant weapon {unknown}
 c - a scroll of blinking
Potions
 f - 2 potions of magic {unknown}
 g - 2 potions of curing {unknown}


   Skills:
 + Level 2.7 Fighting
 + Level 2.5 Long Blades
 + Level 1.8 Throwing
 - Level 0.8 Armour
 - Level 2.4 Dodging
 - Level 2.0 Spellcasting
 - Level 2.6 Translocations


You had 5 spell levels left.
You knew the following spells:

 Your Spells              Type           Power      Damage    Failure   Level
a - Blink                 Tloc           20%        N/A       10%         2

Your spell library contained the following spells:

 Spells                   Type           Power      Damage    Failure   Level
 Gell's Gravitas          Tloc           10%        N/A       19%         3
 Lesser Beckoning         Tloc           10%        N/A       19%         3
 Teleport Other           Tloc           10%        N/A       19%         3
 Manifold Assault         Tloc           10%        N/A       87%         5
 Borgnjor's Revivificati  Necr           0%         N/A       100%        8
 Necromutation            Tmut/Necr      0%         N/A       100%        8
 Death's Door             Necr           0%         N/A       100%        9


Dungeon Overview and Level Annotations

Branches:
Dungeon (4/15)
 Temple: D:4-7

Altars:

Shops:
D:2 ?

Annotations:
D:3 Sigmund


Innate Abilities, Weirdness & Mutations

You have a pair of small antennae on your head.
A meltable shield of frost defends you. (SH +4)


Message History

The bullfrog skeleton is heavily damaged.
The bullfrog skeleton misses you. The bullfrog skeleton hits you.
You hit the bullfrog skeleton but do no damage.
The bullfrog skeleton is heavily damaged.
The bullfrog skeleton hits you.
You hit the bullfrog skeleton.
The bullfrog skeleton is heavily damaged.
The bullfrog skeleton hits you. x2
* * * LOW HITPOINT WARNING * * *
You hit the bullfrog skeleton.
The bullfrog skeleton is heavily damaged.
The bullfrog skeleton hits you but does no damage.
The bullfrog skeleton hits you.
* * * LOW HITPOINT WARNING * * *
You hit the bullfrog skeleton but do no damage.
The bullfrog skeleton is heavily damaged.
The bullfrog skeleton hits you.
* * * LOW HITPOINT WARNING * * *
Casting: Blink (safe; 10% risk of failure)
Confirm with . or Enter, or press ? or * to list all spells.
You blink.
Aiming: Throw Flame
Press: ? - help, Shift-Dir - straight line, f - bullfrog skeleton
Aim: a bullfrog skeleton (translocational energy, heavily damaged, 89% to hit)
The puff of flame hits the bullfrog skeleton.
The bullfrog skeleton is severely damaged.
Aiming: Throw Flame
Press: ? - help, Shift-Dir - straight line, f/p - bullfrog skeleton
Aim: a bullfrog skeleton (severely damaged, 89% to hit)
The puff of flame misses the bullfrog skeleton.
The bullfrog skeleton hits you.
* * * LOW HITPOINT WARNING * * *
Casting: Blink (safe; 10% risk of failure)
Confirm with . or Enter, or press ? or * to list all spells.
You are still too unstable to blink.
Unknown command.
You slash the bullfrog skeleton!
The bullfrog skeleton is almost destroyed.
The bullfrog skeleton hits you.
You die...

#.##...#
#.###..# #.#
#..# #.###..#
+# #......# ...
#####.### ....
#.#.## .....
#....####......
#...@Z..'......
##...####......
##.## ..... #.#
.... #.# ...
#.# +# ... #.#


You could see a bullfrog skeleton.

Vanquished Creatures
  A worm (D:3)
  5 orcs (D:3)
  4 bats
  5 endoplasms
  6 goblins
  4 hobgoblins
  8 jackals (D:1)
  4 quokkas
  7 ball pythons
  2 frilled lizards (D:2)
  A kobold (D:2)
  3 rats
50 creatures vanquished.

Vanquished Creatures (others)
  4 demonic plants (D:1)
  A withered plant (D:1)
5 creatures vanquished.

Grand Total: 55 creatures vanquished

Notes
Turn   | Place    | Note
-------+----------+-------------------------------------------
     0 | D:1      | frimble the Demonspawn Warper began the quest for the Orb.
     0 | D:1      | Reached XP level 1. HP: 16/16 MP: 3/3
    69 | D:1      | Reached skill level 1 in Throwing
   383 | D:1      | Gained mutation: A meltable shield of frost defends you.
                  | (SH +4) [demonic ancestry]
   383 | D:1      | Reached XP level 2. HP: 12/22 MP: 5/5
  1422 | D:1      | Gained mutation: You have a pair of small antennae on your
                  | head. [demonic ancestry]
  1422 | D:1      | Reached XP level 3. HP: 28/28 MP: 6/6
  1425 | D:1      | Learned a level 2 spell: Blink
  1508 | D:1      | Found a faded altar of an unknown god.
  1618 | D:2      | Found Nucag's Magic Scroll Emporium.
  3611 | D:3      | Reached XP level 4. HP: 34/34 MP: 7/7
  3673 | D:3      | Noticed Sigmund
  3754 | D:4      | Slain by a bullfrog skeleton

Illustrated notes

Levels and vault maps discovered:
D:1:      amcnicky_arrival_abandoned_market, layout_rooms,
          shapermc_ecumenical_altar_gd, hangedman_decor_diamond_cutter,
          chequers_hall_statues_corner_a, minmay_misc_feat_tiny,
          chequers_serial_rivers_micro_c, minmay_misc_feat_room,
          hangedman_decor_lopped, nrook_mini_backslash
D:2:      layout_loops_ring, serial_shops, shop, minmay_crystal_room
D:3:      layout_loops_ring, uniq_sigmund, uniq_terence
D:4:      layout_loops_corners, fountainhead, uniq_natasha

Skill      XL: |  1 |
---------------+----+-----
Throwing       | 1 |  1.8
Long Blades    | 2 |  2.5
Dodging        | 2 |  2.4
Fighting       | |  2.7
Armour         | |  0.8
Spellcasting   | |  2.0
Translocations | |  2.6

Action                   |  1- 3 |  4- 6 || total
-------------------------+-------+-------++-------
Melee: Falchion          |   205 |       ||   205
       Long sword        |       |    16 ||    16
Throw: Boomerang         |     8 |       ||     8
 Cast: Blink             |     1 |     1 ||     2
Evoke: Wand              |       |     2 ||     2
  Use: Scroll            |     1 |       ||     1
 Stab: Sleeping          |     1 |       ||     1
Armor: Leather armour    |    52 |       ||    52
       Robe              |     6 |     4 ||    10
Dodge: Dodged            |   153 |     7 ||   160
Block: Other             |    33 |     1 ||    34

Table legend: (Time is in decaauts)
 A = Elapsed time spent in this place.
 B = Non-inter-level travel time spent in this place.
 C = Inter-level travel time spent in this place.
 D = Time resting spent in this place.
 E = Time spent auto-exploring this place.
 F = Levels seen in this place.
 G = Mean time per level.
                   A        B        C        D        E       F      G
               +--------+--------+--------+--------+--------+-----+--------+
         Total |   3801 |   3615 |    186 |      0 |   3030 |   4 |  950.2 |
       Dungeon |   3801 |   3615 |    186 |      0 |   3030 |   4 |  950.2 |
               +--------+--------+--------+--------+--------+-----+--------+

Top non-repeatable levels by time:
     D:2: 1678 daAuts
     D:1: 1638 daAuts
     D:3: 429 daAuts
     D:4: 55 daAuts
